 Dungeon Crawl Stone Soup version 0.28-b1-25-g9875b3fc8c (webtiles) character file.

Game seed: 11879676623858157780

191 crazypyro the Chopper (level 5, -2/41 HPs)
             Began as a Demonspawn Fighter on Jan 31, 2022.
             Slain by Edmund (9 damage)
             ... on level 4 of the Dungeon.
             The game lasted 00:03:36 (2261 turns).

crazypyro the Chopper (Demonspawn Fighter)          Turns: 2261, Time: 00:03:37

Health: -2/41      AC: 13    Str: 24    XL:     5   Next: 42%
Magic:  5/5        EV: 15    Int:  9    God:
Gold:   76         SH:  4    Dex: 13    Spells: 4/4 levels left

rFire   . . .      SeeInvis .   a - +0 war axe
rCold   . . .      Faith    .   c - +0 buckler
rNeg    . . .      Spirit   .   b - +0 scale mail
rPois   .          Reflect  .   i - +0 helmet
rElec   .          Harm     .   (no cloak)
rCorr   +          Rampage  .   (no gloves)
Will    .....                   (no boots)
Stlth   ..........              h - amulet of regeneration
HPRegen 0.93/turn               e - +6 ring of strength
MPRegen 0.09/turn               g - ring of resist corrosion

@: agile, sanguine armoured
A: powered by pain 1, sanguine armour 1, demonic touch 1
a: no special abilities


You were on level 4 of the Dungeon.
You visited 1 branch of the dungeon, and saw 4 of its levels.

You collected 76 gold pieces.

Inventory:

Hand Weapons
 a - a +0 war axe (weapon)
Armour
 b - a +0 scale mail (worn)
 c - a +0 buckler (worn)
 i - a +0 helmet (worn)
Jewellery
 e - a +6 ring of strength (left hand)
 g - a ring of resist corrosion (right hand)
 h - an amulet of regeneration (around neck)
Wands
 o - a wand of charming (5)
Scrolls
 j - 3 scrolls of identify
 m - a scroll of fear {unknown}
 n - a scroll of acquirement {unknown}
 p - a scroll of enchant weapon {unknown}
Potions
 d - 2 potions of might
 f - a potion of invisibility
 k - a potion of attraction {unknown}
 l - a potion of degeneration {unknown}


   Skills:
 - Level 3.3 Fighting
 * Level 4.0 Axes
 - Level 3.0 Armour
 + Level 2.0 Dodging
 - Level 3.0 Shields


You had 4 spell levels left.
You didn't know any spells.
Your spell library was empty.

Dungeon Overview and Level Annotations

Branches:
Dungeon (4/15)
 Temple: D:4-7

Altars:
Sif Muna

Annotations:
D:4 Edmund


Innate Abilities, Weirdness & Mutations

You sometimes gain a little power by taking damage.
When seriously injured, your blood forms armour. (AC +6)
Your touch may inflict minor irresistible damage on your foes.


Message History

The water moccasin skeleton bites you but does no damage.
You slash the water moccasin skeleton!
The water moccasin skeleton is heavily damaged.
You closely miss Edmund. Edmund closely misses you.
The water moccasin skeleton barely misses you.
The water moccasin skeleton bites you. Edmund closely misses you.
You slash the water moccasin skeleton!
The water moccasin skeleton is almost destroyed.
You hit Edmund but do no damage.
You block the water moccasin skeleton's attack.
You block Edmund's attack.
You hit the water moccasin skeleton.
You destroy the water moccasin skeleton!
You hit Edmund but do no damage. Edmund hits you with a +3 vorpal flail!
Your Axes skill increases to level 4!
Your Dodging skill increases to level 2!
You hit Edmund but do no damage. Edmund hits you with a +3 vorpal flail!
You focus on the pain.
You feel agile all of a sudden.
Your blood congeals into armour.
You block Edmund's attack.
You are too injured to fight recklessly!
You closely miss Edmund. Edmund hits you with a +3 vorpal flail!
* * * LOW HITPOINT WARNING * * *
You focus on the pain.
You feel more agile all of a sudden.
* * * LOW HITPOINT WARNING * * *
You closely miss Edmund. Edmund barely misses you.
Edmund completely misses you.
You slash Edmund!
Edmund is moderately wounded.
Edmund hits you but does no damage.
You slash Edmund!
Edmund is heavily wounded.
Edmund says, "A flail is better than a scythe, any day of the week!"
Edmund hits you with a +3 vorpal flail!
* * * LOW HITPOINT WARNING * * *
x2 You closely miss Edmund.
Edmund is heavily wounded.
Edmund hits you with a +3 vorpal flail!
You die...

... .... ..# #.# ##..#
####...##
###.......###
####...........##
#@...#...........
#....@.####...........
#......## #...........
....... #..........#
....... #..........#
....... #.........##
....... #..........#
....... #...........
#...<......#


You could see Edmund.

Vanquished Creatures
  A water moccasin skeleton (D:4)
  Jessica (D:3)
  A gnoll (D:1)
  4 adders (D:2)
  2 worms
  A dart slug (D:2)
  An orc (D:3)
  5 ball pythons
  5 endoplasms
  8 giant cockroaches
  4 hobgoblins
  5 kobolds
  2 quokkas
  7 bats
  3 frilled lizards
  6 goblins
  4 rats
60 creatures vanquished.

Vanquished Creatures (others)
  A kobold (D:2)
1 creature vanquished.

Grand Total: 61 creatures vanquished

Notes
Turn   | Place    | Note
-------+----------+-------------------------------------------
     0 | D:1      | crazypyro the Demonspawn Fighter began the quest for the
                  | Orb.
     0 | D:1      | Reached XP level 1. HP: 18/18 MP: 1/1
   204 | D:1      | Reached skill level 2 in Axes
   204 | D:1      | Gained mutation: Your touch may inflict minor irresistible
                  | damage on your foes. [demonic ancestry]
   204 | D:1      | Reached XP level 2. HP: 15/24 MP: 2/2
   576 | D:1      | Reached XP level 3. HP: 26/29 MP: 3/3
  1281 | D:2      | Gained mutation: When seriously injured, your blood forms
                  | armour. (AC +6) [demonic ancestry]
  1281 | D:2      | Reached XP level 4. HP: 35/35 MP: 4/4
  1334 | D:2      | Reached skill level 3 in Axes
  1334 | D:2      | Reached skill level 1 in Dodging
  1578 | D:2      | Found a faded altar of an unknown god.
  1765 | D:3      | Noticed Jessica
  1791 | D:3      | Killed Jessica
  1925 | D:3      | Gained mutation: You sometimes gain a little power by
                  | taking damage. [demonic ancestry]
  1925 | D:3      | Reached XP level 5. HP: 41/41 MP: 5/5
  2001 | D:3      | Found a shimmering blue altar of Sif Muna.
  2247 | D:4      | Noticed Edmund
  2256 | D:4      | Reached skill level 4 in Axes
  2261 | D:4      | Slain by Edmund

Illustrated notes

Levels and vault maps discovered:
D:1:      dpeg_arrival_shelter, layout_loops_ring, chequers_decorated_corner
D:2:      layout_loops_cross, nicolae_ecumenical_oubliette
D:3:      layout_rooms, led_sif_pool, chequers_serial_rivers_micro_d,
          uniq_jessica
D:4:      layout_cave_pods, nicolae_hepliaklqana_hazy_memory,
          pdpol_wu_jian_five_deadly_venoms, minmay_temple_entry_wispy,
          uniq_ijyb, uniq_edmund

Skill      XL: |  1  2  3  4  5 |
---------------+----------------+-----
Axes           | 2 3 4 |  4.0
Shields        | 3 |  3.0
Armour         | 3 |  3.0
Dodging        | 1 2 |  2.0
Fighting       | |  3.3

Action                   |  1- 3 |  4- 6 || total
-------------------------+-------+-------++-------
Melee: War axe           |    95 |    88 ||   183
  Use: Scroll            |     2 |     2 ||     4
Armor: Scale mail        |    55 |    42 ||    97
Dodge: Dodged            |    58 |    53 ||   111
Block: Buckler           |    25 |    21 ||    46
